 Dungeon Crawl Stone Soup version 0.29-a0-911-g88e6f02907 (webtiles) character file.

Game seed: 3404149897992469687

8 kae the Insei (level 2, 1/24 HPs)
             Began as a Demonspawn Monk on July 25, 2022.
             Quit the game on level 1 of the Dungeon.
             The game lasted 00:00:17 (54 turns).

kae the Insei (Demonspawn Monk)                       Turns: 54, Time: 00:00:18

Health: 1/24       AC:  2    Str: 11    XL:     2   Next: 0%
Magic:  2/2        EV: 12    Int: 11    God:
Gold:   0          SH:  0    Dex: 15    Spells: 1/1 levels left

rFire   . . .      SeeInvis .     - Unarmed
rCold   . . .      Faith    .   (no shield)
rNeg    . . .      Spirit   .   a - +0 robe
rPois   .          Reflect  .   (no helmet)
rElec   .          Harm     .   (no cloak)
rCorr   .          Rampage  .   (no gloves)
Will    .....                   (no boots)
Stlth   +.........              (no amulet)
HPRegen 0.08/turn               (no ring)
MPRegen 0.08/turn               (no ring)

@: confused, lethally poisoned (1 -> -22), ambrosia-drunk
A: demonic guardian 1
a: no special abilities


You were on level 1 of the Dungeon.
You visited 1 branch of the dungeon, and saw 1 of its levels.


Innate Abilities, Weirdness & Mutations

A weak demonic guardian rushes to your aid.


   Skills:
 - Level 3.0 Fighting
 - Level 2.6 Dodging
 - Level 1.7 Stealth
 + Level 3.2 Unarmed Combat


You had one spell level left.
You didn't know any spells.
Your spell library was empty.

Inventory:

Missiles
 c - a stone (quivered)
Armour
 a - a +0 robe (worn)

Dungeon Overview and Level Annotations

Branches:
Dungeon (1/15) Zot: 5947

Altars:

...# .# ###...# #.#
......... ###.....# #.#
......... #.....# #.#
#....$>.. ##....# #.#
#........ #<÷..## ####.#
#....... #.÷..###
##....# #.$..#
#......###.....#####...#
###..÷......##@K...))..#
###.......#..5....†.$##
##.....÷#.5.B.......#
#..##..#......)........
#..##..#.............#.
#......#?............#
########.............#
#.....####.....#
........ ......


You could see a giant cockroach (ally target), a kobold (ally target), a
friendly iron imp (summoned) and a friendly quasit (summoned).


Message History

A rat comes into view.
The kobold closely misses you.
You hit the goblin.
You kill the goblin!
The kobold hits you with a +0 short sword. 😮 HP[-1]
You take 1 damage, and now have 12/18 hp.
You are too injured to fight recklessly!
You are too injured to fight recklessly!
There are monsters nearby!
There are monsters nearby!
You are too injured to fight recklessly!
You are too injured to fight recklessly!
You are too injured to fight recklessly!
You are too injured to fight recklessly!
There are monsters nearby!
You are too injured to fight recklessly!
You are too injured to fight recklessly!
There are monsters nearby!
You hit the kobold.
You kill the kobold!
Your Unarmed Combat skill increases to level 3!
Things that are here:
a +0 short sword; 3 stones; a kobold corpse You hit the rat.
You kill the rat!
The bat barely misses you.
An endoplasm comes into view.
The bat hits you.
You see here a rat corpse.
The endoplasm quivers.
You hit the bat. The bat misses you. The bat barely misses you.
Things that are here:
a +0 club; a goblin corpse You barely miss the bat.
The bat closely misses you. The bat hits you but does no damage.
You hit the bat.
You kill the bat!
A kobold comes into view.
It is wielding a +4 short sword of venom.
The kobold shouts!
You hit the endoplasm. The endoplasm misses you.
You hit the endoplasm. The endoplasm misses you.
You hit the endoplasm. The endoplasm freezes you.
You are frozen. 😮 HP[-1]
You take 1 damage, and now have 11/18 hp.
You hit the endoplasm.
You kill the endoplasm!
You have reached level 2!
Your demonic ancestry asserts itself...
You feel the presence of a demonic guardian. 😮 HP[+4] MP[+1]
You now have 24 max hp (+6).
You regained 4 hp, and now have 15/24 hp.
Your mp is fully restored (2).
A giant cockroach comes into view.
You hit the kobold but do no damage.
The kobold hits you with a +4 short sword of venom.
You are poisoned. 😮 HP[-1]
You take 1 damage, and now have 14/24 hp.
You closely miss the kobold.
You feel sick.
The kobold hits you with a +4 short sword of venom!
* * * LOW HITPOINT WARNING * * *
You are more poisoned. 😱 HP[-9]
You take 9 damage, and now have 5/24 hp.
MASSIVE DAMAGE!! (PAUSE)
You are confused.
You feel invigorated.
* * * LOW HITPOINT WARNING * * *
You feel very sick.
The kobold hits you with a +4 short sword of venom.
* * * LOW HITPOINT WARNING * * *
A demonic guardian appears! 😱 HP[-3]
You take 3 damage, and now have 2/24 hp.
Unknown command.
* * * LOW HITPOINT WARNING * * *
You feel sick.
The kobold hits you with a +4 short sword of venom.
* * * LOW HITPOINT WARNING * * *
You are more poisoned.
* * * LOW HITPOINT WARNING * * *
You feel very sick.
The giant cockroach bites your iron imp but does no damage.
The kobold hits you with a +4 short sword of venom.
* * * LOW HITPOINT WARNING * * *
A demonic guardian appears!
You are more poisoned. 😱 HP[-1]
You take 1 damage, and now have 1/24 hp.
Unknown command.
Unknown command.
Unknown command.
Unknown command.
Unknown command.
Are you sure you want to abandon this character and quit the game? (Confirm with "yes".)

Skill      XL: |  1 |
---------------+----+-----
Unarmed Combat | 3 |  3.2
Fighting       | |  3.0
Dodging        | |  2.6
Stealth        | |  1.7

Action                   || total
-------------------------++-------
Melee: Unarmed           ||    18
  Use: Potion            ||     1
 Stab: Sleeping          ||     1
Armor: Robe              ||     2
Dodge: Dodged            ||     8

Levels and vault maps discovered:
D:1:      amcnicky_arrival_wind_blow, layout_basic,
          dreamdust_ecumenical_altar_hidden_monk_grotto, minmay_three_crescents

Notes
Turn   | Place    | Note
-------+----------+-------------------------------------------
     0 | D:1      | kae the Demonspawn Monk began the quest for the Orb.
     0 | D:1      | Reached XP level 1. HP: 18/18 MP: 1/1
     0 | D:1      | magus.rc [v1.11.3]
    30 | D:1      | Reached skill level 3 in Unarmed Combat
    43 | D:1      | Gained mutation: A weak demonic guardian rushes to your
                  | aid. [demonic ancestry]
    43 | D:1      | Reached XP level 2. HP: 15/24 MP: 2/2
    50 | D:1      | HP: 5/24 [kobold/+4 short sword of venom (7)]
    51 | D:1      | HP: 2/24 [kobold/+4 short sword of venom (5)]
    54 | D:1      | Quit the game

Vanquished Creatures
  An endoplasm (D:1)
  2 goblins (D:1)
  A kobold (D:1)
  2 bats (D:1)
  A rat (D:1)
7 creatures vanquished.

Table legend:
 A = Non-vault XP
 B = Vault XP
 C = Vault XP percentage of total XP
 D = Non-vault monster count
 E = Vault monster count
 F = Vault count percentage of total count
                 A         B        C        D         E       F
            +---------+---------+-------+---------+---------+-------
      Total |       9 |       3 |  25.0 |       5 |       2 |  28.6
            +---------+---------+-------+---------+---------+-------
        D:1 |       9 |       3 |  25.0 |       5 |       2 |  28.6
            +---------+---------+-------+---------+---------+-------

Illustrated notes

Table legend:
 A = Kills in this place as a percentage of kills in entire the game.
 B = Kills by you in this place as a percentage of kills by you in the entire game.
 C = Kills by friends in this place as a percentage of kills by friends in the entire game.
 D = Other kills in this place as a percentage of other kills in the entire game.
 E = Experience gained in this place as a percentage of experience gained in the entire game.
 F = Experience gained in this place divided by the number of levels of this place that you have seen.
                   A       B       C       D       E      F
               +-------+-------+-------+-------+-------+----------------------
         Total | 100.0 | 100.0 |   N/A |   N/A | 100.0 |  12.0
       Dungeon | 100.0 | 100.0 |   N/A |   N/A | 100.0 |  12.0
               +-------+-------+-------+-------+-------+----------------------

Table legend: (Time is in decaauts)
 A = Elapsed time spent in this place.
 B = Non-inter-level travel time spent in this place.
 C = Inter-level travel time spent in this place.
 D = Time resting spent in this place.
 E = Time spent auto-exploring this place.
 F = Levels seen in this place.
 G = Mean time per level.
                   A        B        C        D        E       F      G
               +--------+--------+--------+--------+--------+-----+--------+
         Total |     53 |     53 |      0 |      0 |     14 |   1 |   53.0 |
       Dungeon |     53 |     53 |      0 |      0 |     14 |   1 |   53.0 |
               +--------+--------+--------+--------+--------+-----+--------+

Top non-repeatable levels by time:
     D:1: 53 daAuts
